 Dungeon Crawl Stone Soup version 0.19.5 (webtiles) character file.

17168 ponchio the Infuser (level 12, -7/64 HPs)
             Began as a Deep Elf Conjurer on Nov 30, 2017.
             Was an Elder of Vehumet.
             Mangled by a death yak (28 damage)
             ... on level 1 of the Lair of Beasts on Dec 19, 2017.
             The game lasted 01:53:17 (21196 turns).

ponchio the Infuser (Deep Elf Conjurer)            Turns: 21196, Time: 01:53:19

Health: -7/64      AC: 19    Str:  5    XL:     12   Next: 16%
Magic:  1/29       EV: 20    Int: 29    God:    Vehumet [****..]
Gold:   124        SH:  0    Dex: 15    Spells: 5 memorised, 18 levels left

rFire  . . .     SeeInvis +     y - +3 whip of Xurow Tua {speed, +Inv rElec MR+ Stlth+}
rCold  + . .     Gourm    .     a - +2 robe
rNeg   . . .     Faith    +     (no shield)
rPois  .         Spirit   .     K - +2 helmet {SInv}
rElec  +         Reflect  .     q - +2 cloak
rCorr  .         Harm     .     m - +2 pair of gloves
MR     ++...     Rnd*Rage +     t - +1 pair of boots
Stlth  +++.......               E - amulet of faith
                                x - +3 ring of intelligence
                                u - ring of flight

@: repel missiles
A: iridescent scales 1, molten scales 1, berserk 1, cold resistance 1,
deterioration 1, frail 1, wild magic 1, sturdy frame 1
a: Renounce Religion, Evoke Invisibility, Evoke Flight


You were on level 1 of the Lair of Beasts.
You worshipped Vehumet.
Vehumet was greatly pleased with you.
You were hungry.

You visited 3 branches of the dungeon, and saw 13 of its levels.

You collected 653 gold pieces.
You spent 529 gold pieces at shops.

Inventory:

Hand Weapons
 y - the +3 whip of Xurow Tua (weapon) {speed, +Inv rElec MR+ Stlth+}
   (You bought it in a shop on level 5 of the Dungeon)

   Attacks with this weapon are significantly faster.
   It insulates you from electricity.
   It affects your resistance to hostile enchantments.
   It lets you turn invisible.
   It makes you more stealthy.
Armour
 a - a +2 robe (worn)
 m - a +2 pair of gloves (worn)
 q - a +2 cloak (worn)
 t - a +1 pair of boots (worn)
 K - a +2 helmet of see invisible (worn)
Jewellery
 u - a ring of flight (left hand)
 x - a +3 ring of intelligence (right hand)
 E - an amulet of faith (around neck)
 I - an uncursed ring of ice
Wands
 b - a wand of paralysis (7/24)
Scrolls
 e - 5 scrolls of remove curse
 h - 2 scrolls of teleportation
 B - 2 scrolls of magic mapping
 C - 4 scrolls of identify
 S - a scroll of blinking
Potions
 d - 3 potions of heal wounds
 f - 3 potions of flight
 l - 2 potions of agility
 z - 2 potions of brilliance
 A - 4 potions of curing
Comestibles
 c - 17 bread rations
 g - 9 meat rations
 r - 2 fruits
 v - 4 royal jellies
 M - 4 slices of pizza


   Skills:
 + Level 7.1 Fighting
 - Level 11.5 Dodging
 - Level 2.4 Stealth
 - Level 11.4 Spellcasting
 - Level 11.5 Conjurations
 - Level 11.7 Charms


You had 18 spell levels left.
You knew the following spells:

 Your Spells              Type           Power        Failure   Level  Hunger
a - Magic Dart            Conj           ####         1%          1    None
b - Dazzling Spray        Conj/Hex       ######       1%          3    None
c - Iskenderun's Battles  Conj/Chrm      #######.     1%          5    ###....
d - Repel Missiles        Chrm/Air       ######       1%          2    None
e - Throw Icicle          Conj/Ice       ######..     1%          4    None


Dungeon Overview and Level Annotations

Branches:
Dungeon (10/15)            Temple (1/1) D:5            Lair (2/6) D:10
  Swamp: Lair:2-4    Shoals: Lair:2-4     Snake: Lair:2-4    Spider: Lair:2-4
    Orc: D:9-12

Altars:
Ashenzari
Cheibriados
Dithmenos
Elyvilon
Fedhas
Gozag
Hepliaklqana
Kikubaaqudgha
Makhleb
Nemelex Xobeh
Okawaru
Qazlal
Ru
Sif Muna
Trog
Uskayaw
Vehumet
Xom
Yredelemnul
Zin
The Shining One

Shops:
D:5 (   D:7 ?   D:10 [


Innate Abilities, Weirdness & Mutations

You are partially covered in iridescent scales. (AC +2)
You are partially covered in molten scales. (AC +2)
You tend to lose your temper in combat.
Your flesh is cold resistant. (rC+)
Your body sometimes deteriorates upon taking damage.
You are frail. (-10% HP)
Your spells are a little harder to cast, but a little more powerful.
Your movements are slightly less encumbered by armour. (ER -2)


Message History

Press: ? - help, Shift-Dir - straight line, f/p - death yak
Aim: a death yak (severely wounded)
The spray of energy hits the death yak.
The death yak is almost dead.
Your battlesphere fires!
The barrage of energy hits the death yak.
The death yak is almost dead.
The death yak misses you.
Casting: Dazzling Spray
Confirm with . or Enter, or press ? or * to list all spells.
Aiming: Magic Dart
Press: ? - help, Shift-Dir - straight line, f/p - death yak
Aim: a death yak (almost dead)
The magic dart hits the death yak.
The death yak is almost dead.
Your battlesphere fires!
The barrage of energy hits the death yak.
The death yak is almost dead.
The death yak gores you!!
You die...

#.................
##...............#
##...............#
#....[..........##
##...............P#
#...............###
#.....*..........##
#...............###
#.@.............##. #####
##.Y...........###.
#.#.####.#............P##.
##.....####..........#####.
##.......####.........# #P..
#.........###.#......## ##..
##..........###.......# #...
#...........##........####...
#.............!?)["/...##...#


You could see a death yak and a friendly battlesphere.

Vanquished Creatures
  A yaktaur captain (D:9)
  A hydra (Lair:1)
  A centaur warrior (D:9)
  2 death yaks (Lair:2)
  A deep elf knight (D:9)
  An unseen horror (D:10)
  A deep elf archer (D:9)
  A cyclops (D:10)
  Maurice (D:9)
  Joseph (D:9)
  2 black mambas
  2 spiny frogs
  3 komodo dragons
  A troll (D:9)
  4 hippogriffs
  5 blink frogs (Lair:1)
  A spriggan (D:10)
  A wyvern (Lair:2)
  4 yaks (Lair:2)
  A vampire (D:10)
  A basilisk (Lair:1)
  Grum (D:8)
  3 water moccasins
  4 porcupines (Lair:1)
  An ice beast (D:6)
  4 orc warriors
  2 sky beasts
  A phantom (D:4)
  A black bear (D:6)
  5 ogres
  2 centaurs (D:6)
  8 wolves
  5 crocodiles
  9 bullfrogs
  3 killer bees (D:8)
  3 scorpions
  A vampire bat (D:8)
  3 wights (D:6)
  A howler monkey (D:4)
  A centaur zombie (D:5)
  10 crimson imps
  A bullfrog zombie (D:5)
  2 quasits
  6 jellies
  6 hounds
  9 orc priests
  10 orc wizards
  A bullfrog skeleton (D:10)
  Ijyb (D:2)
  An iguana (D:6)
  7 worker ants
  Robin (D:2)
  4 gnolls
  A howler monkey skeleton (D:10)
  3 worker ant zombies
  11 adders
  3 oozes
  4 worms
  6 dart slugs
  6 leopard geckos
  33 orcs
  A ball python (D:7)
  5 bat skeletons (D:8)
  A bat zombie (D:8)
  3 giant cockroaches
  28 goblins
  17 hobgoblins
  6 jackals
  3 quokkas (D:2)
  9 bats
  9 frilled lizards
  A jackal skeleton (D:7)
  12 kobolds
  A leopard gecko zombie (D:5)
  10 rats
  A fungus (Lair:2)
327 creatures vanquished.

Notes
Turn   | Place    | Note
-------+----------+-------------------------------------------
     0 | D:1      | ponchio the Deep Elf Conjurer began the quest for the Orb.
     0 | D:1      | Reached XP level 1. HP: 10/10 MP: 6/6
   266 | D:1      | Reached XP level 2. HP: 15/15 MP: 5/9
  1162 | D:2      | Reached XP level 3. HP: 19/19 MP: 0/11
  1167 | D:2      | Learned a level 3 spell: Dazzling Spray
  1265 | D:2      | Reached skill level 5 in Spellcasting
  1377 | D:2      | Noticed Ijyb
  1386 | D:2      | Killed Ijyb
  1386 | D:2      | Reached XP level 4. HP: 23/24 MP: 1/13
  1675 | D:2      | Noticed Robin
  1683 | D:2      | Killed Robin
  2876 | D:2      | Reached XP level 5. HP: 28/28 MP: 11/16
  5685 | D:2      | Learned a level 5 spell: Iskenderun's Battlesphere
  5788 | D:3      | Found a glowing silver altar of Zin.
  6303 | D:3      | Found a glowing silver altar of Zin.
  6719 | D:3      | Found a glowing silver altar of Zin.
  6750 | D:3      | Reached skill level 1 in Charms
  6788 | D:3      | Reached XP level 6. HP: 32/32 MP: 14/19
  6811 | D:3      | Gained mutation: Your body sometimes deteriorates upon taking damage. [potion of mutation]
  6811 | D:3      | Gained mutation: You tend to lose your temper in combat. [potion of mutation]
  6811 | D:3      | Gained mutation: Your movements are slightly less encumbered by armour. (ER -2) [potion of mutation]
  7345 | D:4      | Found a burning altar of Makhleb.
  7347 | D:4      | Reached skill level 5 in Conjurations
  7361 | D:4      | Gained mutation: Your flesh is cold resistant. (rC+) [potion of mutation]
  7361 | D:4      | Gained mutation: You are partially covered in molten scales. (AC +2) [potion of mutation]
  7361 | D:4      | Gained mutation: You are resistant to hostile enchantments. (MR+) [potion of mutation]
  7377 | D:4      | Reached skill level 5 in Charms
  7381 | D:4      | Reached XP level 7. HP: 36/36 MP: 5/20
  7470 | D:4      | Found an iron altar of Okawaru.
  7736 | D:4      | Found a burning altar of Makhleb.
  7906 | D:4      | Found an iron altar of Okawaru.
  8437 | D:4      | Found an iron altar of Okawaru.
  8492 | D:4      | Found a burning altar of Makhleb.
  8963 | D:5      | Entered Level 5 of the Dungeon
  8977 | D:5      | Found a sacrificial altar of Ru.
  8984 | D:5      | Learned a level 2 spell: Repel Missiles
  9004 | D:5      | Found Qostreli's Antique Weapon Emporium.
  9012 | D:5      | Bought an iridescent war axe for 136 gold pieces
  9012 | D:5      | Identified the cursed +3 war axe "Grim Tooth" {flame, Fragile +Inv rC+} (You bought it in a shop on level 5 of the Dungeon)
  9103 | D:5      | Found a shimmering altar of Xom.
  9145 | D:5      | Found a staircase to the Ecumenical Temple.
  9151 | Temple   | Entered the Ecumenical Temple
  9183 | Temple   | Became a worshipper of Vehumet
  9350 | D:5      | Reached XP level 8. HP: 41/41 MP: 12/22
  9586 | D:5      | Lost mutation: Your body sometimes deteriorates upon taking damage. [potion of mutation]
  9586 | D:5      | Gained mutation: You are partially covered in large bone plates. (SH +4) [potion of mutation]
  9865 | D:5      | Noticed a hippogriff
  9897 | D:5      | Killed a hippogriff
 10075 | D:5      | Reached * piety under Vehumet
 10075 | D:5      | Offered knowledge of Sting by Vehumet.
 10690 | D:5      | Found a staircase to the Ecumenical Temple.
 10779 | D:5      | Found a sacrificial altar of Ru.
 10783 | D:5      | Found Qostreli's Antique Weapon Emporium.
 10890 | D:5      | Found a shimmering altar of Xom.
 12032 | D:6      | Reached XP level 9. HP: 34/45 MP: 16/24
 12401 | D:6      | Found a hazy altar of Hepliaklqana.
 13163 | D:5      | Bought a steaming whip for 120 gold pieces
 13164 | D:5      | Identified the +3 whip of Xurow Tua {speed, +Inv rElec MR+ Stlth+} (You bought it in a shop on level 5 of the Dungeon)
 13558 | D:6      | Reached skill level 10 in Conjurations
 13658 | D:6      | Found a hazy altar of Hepliaklqana.
 14121 | D:7      | Found Wyxkilut's Magic Scroll Emporium.
 14258 | D:7      | Reached skill level 10 in Charms
 14349 | D:7      | Reached skill level 10 in Spellcasting
 14370 | D:7      | Gained mutation: Your body sometimes deteriorates upon taking damage. [mutagenic meat]
 14371 | D:7      | Gained mutation: Armour fits poorly on your strangely shaped body. [mutagenic meat]
 14373 | D:7      | Gained mutation: You have sharp fingernails. [mutagenic meat]
 14694 | D:7      | Lost mutation: Armour fits poorly on your strangely shaped body. [potion of cure mutation]
 14694 | D:7      | Lost mutation: You are resistant to hostile enchantments. (MR+) [potion of cure mutation]
 14694 | D:7      | Lost mutation: You are partially covered in large bone plates. (SH +4) [potion of cure mutation]
 14694 | D:7      | Lost mutation: You have sharp fingernails. [potion of cure mutation]
 14788 | D:8      | Offered knowledge of Sandblast by Vehumet.
 14791 | D:8      | Reached ** piety under Vehumet
 14822 | D:8      | Gained mutation: You are partially covered in iridescent scales. (AC +2) [potion of mutation]
 14823 | D:8      | Gained mutation: You are frail. (-10% HP) [potion of mutation]
 14823 | D:8      | Gained mutation: Your spells are a little harder to cast, but a little more powerful. [potion of mutation]
 14954 | D:8      | Noticed Grum
 14960 | D:8      | Killed Grum
 15118 | D:8      | Reached XP level 10. HP: 45/45 MP: 21/26
 15289 | D:8      | Found an ancient bone altar of Kikubaaqudgha.
 15407 | D:8      | Found an opulent altar of Gozag.
 15552 | D:9      | Noticed Maurice
 15557 | D:9      | Killed Maurice
 15921 | D:9      | Found a runed door.
 15921 | D:9      | Noticed a centaur warrior
 15921 | D:9      | Noticed a six-headed hydra
 15921 | D:9      | Noticed a centaur warrior
 15923 | D:9      | Noticed a yaktaur captain
 15923 | D:9      | Noticed a deep elf knight
 15923 | D:9      | Noticed an ettin
 15923 | D:9      | Noticed a deep troll
 15923 | D:9      | Noticed a deep elf archer
 15969 | D:9      | Found a hazy altar of Hepliaklqana.
 15979 | D:9      | Offered knowledge of Inner Flame by Vehumet.
 16047 | D:9      | Noticed Joseph
 16055 | D:9      | Killed Joseph
 16235 | D:9      | Found a stormy altar of Qazlal.
 16367 | D:10     | Entered Level 10 of the Dungeon
 16433 | D:10     | Found Ranuumapa's Antique Armour Boutique.
 16479 | D:10     | Noticed a cyclops
 16784 | D:10     | Killed a cyclops
 16784 | D:10     | Reached skill level 5 in Dodging
 16922 | D:10     | Found a staircase to the Lair.
 17140 | D:10     | Reached *** piety under Vehumet
 17175 | D:10     | Learned a level 4 spell: Throw Icicle
 17303 | D:10     | Killed an unseen horror
 17973 | D:10     | Found a staircase to the Lair.
 18217 | D:10     | Found Ranuumapa's Antique Armour Boutique.
 18595 | D:9      | Killed a yaktaur captain
 18595 | D:9      | Reached XP level 11. HP: 48/48 MP: 17/28
 18927 | D:9      | Killed a centaur warrior
 18929 | D:9      | Killed a deep elf archer
 18929 | D:9      | Reached skill level 10 in Dodging
 19259 | D:8      | Offered knowledge of Static Discharge by Vehumet.
 19308 | D:9      | Killed a deep elf knight
 19336 | D:9      | Got polished shadow dragon scales
 19435 | D:10     | Identified the cursed +1 shadow dragon scales of Cuwen {rF++ Regen+ MP+9 Str-4 Stlth++++} (You found it on level 9 of the Dungeon)
 19601 | D:10     | Bought a pair of runed gloves for 273 gold pieces
 19643 | Lair:1   | Entered Level 1 of the Lair of Beasts
 19648 | Lair:1   | Noticed a four-headed hydra
 19654 | Lair:1   | Killed a four-headed hydra
 19948 | Lair:1   | Reached skill level 1 in Fighting
 20082 | Lair:1   | Reached **** piety under Vehumet
 20169 | Lair:1   | Reached skill level 5 in Fighting
 20265 | Lair:1   | Offered knowledge of Venom Bolt by Vehumet.
 20903 | Lair:2   | Reached XP level 12. HP: 63/63 MP: 13/29
 21102 | Lair:2   | Noticed a death yak
 21102 | Lair:2   | Noticed a death yak
 21107 | Lair:2   | Noticed a death yak
 21108 | Lair:2   | Noticed a death yak
 21108 | Lair:2   | Killed a death yak
 21109 | Lair:2   | Noticed a death yak
 21115 | Lair:2   | Killed a death yak
 21196 | Lair:1   | Mangled by a death yak

Skill      XL: |  1  2  3  4  5  6  7  8  9 10 11 12 |
---------------+-------------------------------------+-----
Spellcasting   | 4 5 7 8 9 10 11 | 11.4
Charms         | 1 5 6 8 10 11 | 11.7
Conjurations   | 5 7 9 10 11 | 11.5
Dodging        | 9 11 | 11.5
Fighting       | 6 7 |  7.1
Stealth        | |  2.4

Action                   |  1- 3 |  4- 6 |  7- 9 | 10-12 || total
-------------------------+-------+-------+-------+-------++-------
Melee: Short sword       |       |    14 |       |       ||    14
       War axe           |       |       |    21 |       ||    21
       Whip              |       |       |       |    13 ||    13
 Cast: Magic Dart        |    60 |   169 |   237 |   171 ||   637
       Dazzling Spray    |       |     7 |    22 |    63 ||    92
       Iskenderun's Batt |       |     3 |    38 |    57 ||    98
       Repel Missiles    |       |       |     1 |       ||     1
  Use: Scroll            |       |    10 |    13 |     9 ||    32
       Potion            |       |     2 |     4 |     4 ||    10
 Stab: Sleeping          |       |     1 |     3 |     1 ||     5
       Distracted        |       |       |     1 |       ||     1
  Eat: Chunk             |     1 |    17 |    27 |    16 ||    61
       Beef jerky        |       |     1 |     2 |     1 ||     4
       Fruit             |       |       |     7 |       ||     7
       Pizza             |       |       |       |     4 ||     4
Armor: Robe              |     4 |     6 |     8 |    22 ||    40
Dodge: Dodged            |    10 |    33 |    32 |    36 ||   111
       Deflected         |       |       |     1 |     4 ||     5
Block: Other             |       |       |     6 |       ||     6
